 Dungeon Crawl Stone Soup version 0.30-a0-359-gd0147acb1a (webtiles) character file.

Game seed: 16396894366131035053

7 sleeves the Slasher (level 1, -3/18 HPs)
             Began as a Demonspawn Monk on Nov 12, 2022.
             Slain by a goblin
             ... wielding a +2 dagger of speed
              (4 damage)
             ... on level 1 of the Dungeon.
             The game lasted 00:00:06 (93 turns).

sleeves the Slasher (Demonspawn Monk)                 Turns: 93, Time: 00:00:07

Health: -3/18      AC:  2    Str: 11    XL:     1   Next: 91%
Magic:  1/1        EV: 12    Int: 11    God:
Gold:   0          SH:  0    Dex: 15    Spells: 0/0 levels left

rFire   . . .      SeeInvis .    a - +0 falchion
rCold   . . .      Faith    .    (no shield)
rNeg    . . .      Spirit   .    b - +0 robe
rPois   .          Reflect  .    (no helmet)
rElec   .          Harm     .    (no cloak)
rCorr   .          Rampage  .    (no gloves)
Will    .....                    (no boots)
Stlth   ++........               (no amulet)
HPRegen 0.23/turn                (no ring)
MPRegen 0.07/turn                (no ring)

@: no status effects
A: no striking features
a: no special abilities


You were on level 1 of the Dungeon.
You visited 1 branch of the dungeon, and saw 1 of its levels.

Inventory:

Hand Weapons
 a - a +0 falchion (weapon)
Armour
 b - a +0 robe (worn)
Potions
 c - a potion of ambrosia


   Skills:
 - Level 3.0 Fighting
 + Level 3.2 Long Blades
 - Level 2.6 Dodging
 - Level 1.7 Stealth


You couldn't memorise any spells.
You didn't know any spells.
Your spell library was empty.

Dungeon Overview and Level Annotations

Branches:
Dungeon (1/15)

Altars:


Message History

Welcome, sleeves the Demonspawn Monk.
The heart of this dungeon contains the breathtaking artefact, the Orb of Zot.
Press ? for a list of commands and other information.
Found a robe.
Found a staircase leading out of the dungeon.
A hobgoblin comes into view.
A hobgoblin is nearby!
A hobgoblin is nearby!
A hobgoblin is nearby!
A dart slug comes into view.
The hobgoblin shouts!
The hobgoblin hits you.
You barely miss the hobgoblin. The hobgoblin closely misses you.
You hit the hobgoblin.
The hobgoblin is severely wounded.
The hobgoblin closely misses you.
You slash the hobgoblin!
You kill the hobgoblin!
You hit the dart slug but do no damage. The dart slug launches a dart at you.
The slug dart misses you.
You slash the dart slug!
The dart slug is almost dead.
The dart slug bites you.
You barely miss the dart slug.
The dart slug is almost dead.
The dart slug misses you.
You hit the dart slug.
You kill the dart slug!
Your Long Blades skill increases to level 3!
HP restored.
You see here a dart slug corpse.
Found a short sword.
A goblin and a kobold come into view.
The goblin shouts!
The kobold shouts!
A ball python comes into view.
The kobold throws a stone.
The stone barely misses you.
The goblin moves out of view.
There are monsters nearby!
The ball python hisses angrily.
The kobold hits you with a +0 short sword.
You barely miss the kobold. You punch the kobold.
You kill the kobold!
You closely miss the ball python. The ball python bites you.
The ball python misses you. The ball python barely misses you.
The ball python grabs you. The ball python constricts you.
You slash the ball python!
You kill the ball python!
The goblin closely misses you.
You barely miss the goblin. The goblin misses you.
The goblin barely misses you.
You closely miss the goblin. The goblin hits you but does no damage.
You barely miss the goblin. The goblin barely misses you.
You hit the goblin.
You kill the goblin!
No target in view!
No target in view!
No target in view!
No target in view!
A goblin comes into view. It is wielding a +2 dagger of speed.
The goblin shouts!
You see here a +0 dagger.
A goblin is nearby!
A goblin is nearby!
The goblin completely misses you.
You closely miss the goblin.
The goblin hits you with a +2 dagger of speed. x2
You are too injured to fight recklessly!
You are too injured to fight recklessly!
You are too injured to fight recklessly!
You are too injured to fight recklessly!
You are too injured to fight recklessly!
You are too injured to fight recklessly!
You are too injured to fight recklessly!
You are too injured to fight recklessly!
You are too injured to fight recklessly!
A goblin is nearby!
A goblin is nearby!
You barely miss the goblin.
The goblin hits you with a +2 dagger of speed.
* * * LOW HITPOINT WARNING * * *
The goblin misses you.
You closely miss the goblin.
The goblin hits you with a +2 dagger of speed.
* * * LOW HITPOINT WARNING * * *
You closely miss the goblin.
The goblin hits you with a +2 dagger of speed.
* * * LOW HITPOINT WARNING * * *
The goblin hits you with a +2 dagger of speed.
* * * LOW HITPOINT WARNING * * *
You miss the goblin.
The goblin hits you with a +2 dagger of speed.
You die...

.#...#.# # .......
.....#
###...#.###....#.
................
####.............
......)†.#.....
#.....#...#
#.#...#...##.#.#
.#########...)..@g....#
.........#..##.#......#
.........#..##.##.#...#
..#..#...#..##.# .# ..#
≈........#..##.# .# .#
........<#.....# .. #
§........#...### ##
..#..#...#.#.#
..[......#.#.#


You could see a goblin.

Vanquished Creatures
  A dart slug (D:1)
  A ball python (D:1)
  A goblin (D:1)
  A hobgoblin (D:1)
  A kobold (D:1)
5 creatures vanquished.

Notes
Turn   | Place    | Note
-------+----------+-------------------------------------------
     0 | D:1      | sleeves the Demonspawn Monk began the quest for the Orb.
     0 | D:1      | Reached XP level 1. HP: 18/18 MP: 1/1
    20 | D:1      | Reached skill level 3 in Long Blades
    90 | D:1      | HP: 7/18 [goblin/+2 dagger of speed (3)]
    91 | D:1      | HP: 2/18 [goblin/+2 dagger of speed (5)]
    93 | D:1      | Slain by a goblin

Illustrated notes

Levels and vault maps discovered:
D:1:      shiori_arrival_oz, layout_basic, ebering_ecumenical_altar_abandoned

Skill      XL: |  1 |
---------------+----+-----
Long Blades    | 3 |  3.2
Fighting       | |  3.0
Dodging        | |  2.6
Stealth        | |  1.7

Action                   || total
-------------------------++-------
Melee: Falchion          ||    19
       Punch             ||     1
Armor: Robe              ||     1
Dodge: Dodged            ||    13

Table legend: (Time is in decaauts)
 A = Elapsed time spent in this place.
 B = Non-inter-level travel time spent in this place.
 C = Inter-level travel time spent in this place.
 D = Time resting spent in this place.
 E = Time spent auto-exploring this place.
 F = Levels seen in this place.
 G = Mean time per level.
                   A        B        C        D        E       F      G
               +--------+--------+--------+--------+--------+-----+--------+
         Total |     96 |     96 |      0 |      0 |     61 |   1 |   96.0 |
       Dungeon |     96 |     96 |      0 |      0 |     61 |   1 |   96.0 |
               +--------+--------+--------+--------+--------+-----+--------+

Top non-repeatable levels by time:
     D:1: 96 daAuts
